 Dungeon Crawl Stone Soup version 0.22-a0-159-g7ce444fdad (webtiles) character file.

1223 RedPan the Charmwright (level 8, 0/64 HPs)
             Began as a Gnoll Skald on Feb 10, 2018.
             Slain by a sky beast (5 damage)
             ... on level 5 of the Dungeon.
             The game lasted 00:12:01 (3909 turns).

RedPan the Charmwright (Gnoll Skald)                Turns: 3909, Time: 00:12:02

Health: 0/64       AC:  5    Str: 14    XL:     8   Next: 47%
Magic:  26/26      EV: 15    Int: 17    God:
Gold:   221        SH:  0    Dex: 15    Spells: 10/19 levels left

rFire    . . .     SeeInvis .   j - +1 great sword (holy)
rCold    . . .     Gourm    .   (shield currently unavailable)
rNeg     . . .     Faith    .   b - +0 leather armour
rPois    .         Spirit   .   (no helmet)
rElec    .         Reflect  .   (no cloak)
rCorr    +         Harm     .   e - +1 pair of gloves
MR       .....                  (no boots)
Stlth    ++........             (no amulet)
HPRegen  0.20/turn              u - ring of magical power
MPRegen  0.20/turn              i - ring of resist corrosion

@: no status effects
A: distributed training, fangs 1, strong nose
a: no special abilities


You were on level 5 of the Dungeon.
You were near starving.

You visited 1 branch of the dungeon, and saw 5 of its levels.

You collected 221 gold pieces.

Inventory:

Hand Weapons
 a - a +0 falchion
 j - a +1 great sword of holy wrath (weapon)
 n - a +2 whip of venom
 r - a +0 shortbow
Missiles
 q - 53 arrows
Armour
 b - a +0 leather armour (worn)
 e - a +1 pair of gloves (worn)
Jewellery
 i - a ring of resist corrosion (right hand)
 u - a ring of magical power (left hand)
Wands
 f - a wand of flame (17)
Scrolls
 l - 3 scrolls of immolation
 s - a scroll of identify
Potions
 g - 3 potions of curing
 k - 3 potions of ambrosia
 m - 2 potions of might
 o - a potion of haste {unknown}
 p - a potion of flight
Books
 c - a book of Battle

   Spells                             Type                      Level
   a - Infusion                       Charms                       1
   b - Shroud of Golubria             Charms/Translocation         2
   c - Song of Slaying                Charms                       2
   d - Spectral Weapon                Hexes/Charms                 3
   e - Regeneration                   Charms/Necromancy            3
Comestibles
 d - 9 rations


   Skills:
 + Level 5.6 Fighting
 + Level 3.2 Short Blades
 + Level 5.6 Long Blades
 + Level 3.2 Axes
 + Level 3.2 Maces & Flails
 + Level 3.2 Polearms
 + Level 3.2 Staves
 + Level 3.2 Slings
 + Level 3.2 Bows
 + Level 3.2 Crossbows
 + Level 3.2 Throwing
 + Level 4.2 Armour
 + Level 5.6 Dodging
 + Level 3.2 Stealth
 + Level 3.2 Shields
 + Level 3.2 Unarmed Combat
 + Level 6.0 Spellcasting
 + Level 2.6 Conjurations
 + Level 2.6 Hexes
 + Level 6.1 Charms
 + Level 2.6 Summonings
 + Level 2.6 Necromancy
 + Level 2.6 Translocations
 + Level 2.6 Transmutations
 + Level 2.6 Fire Magic
 + Level 2.6 Ice Magic
 + Level 2.6 Air Magic
 + Level 2.6 Earth Magic
 + Level 2.6 Poison Magic
 + Level 3.5 Invocations
 + Level 3.2 Evocations


You had 10 spell levels left.
You knew the following spells:

 Your Spells              Type           Power        Failure   Level  Hunger
a - Infusion              Chrm           ####         1%          1    None
b - Shroud of Golubria    Chrm/Tloc      ###.......   3%          2    None
c - Regeneration          Chrm/Necr      ###.......   8%          3    ##.....
d - Spectral Weapon       Hex/Chrm       ###.....     8%          3    ##.....


Dungeon Overview and Level Annotations

Branches:
Dungeon (5/15)
 Temple: D:4-7

Altars:
Nemelex Xobeh
The Shining One

Shops:
D:4 [


Innate Abilities, Weirdness & Mutations

Your experience applies equally to all skills.
You have very sharp teeth.
Your uncanny sense of smell can sniff out nearby items.


Message History

You miss the sky beast.
The sky beast is moderately wounded.
The sky beast hits you but does no damage.
You hit the sky beast.
You bite the sky beast, but do no damage.
The sky beast is heavily wounded.
The sky beast hits you but does no damage.
The sky beast hits you.
* * * LOW HITPOINT WARNING * * *
The sky beast shocks you.
* * * LOW HITPOINT WARNING * * *
You slash the sky beast!
The sky beast is severely wounded.
The sky beast misses you.
You closely miss the sky beast.
The sky beast is severely wounded.
The sky beast hits you.
* * * LOW HITPOINT WARNING * * *
The sky beast shocks you.
You die...

........................
.........#'#............
....##+###.#...#........
....##.###.#...#........
....##.....#...#........
...............#...###..
..#.##.....#............
..#.....................
..#.##.####.....@†.###.#
..#.##.####.....Y..#
..#...................
........................
....#...................
........................
........................
....#...###....##....#..
#####...# ...


You could see a sky beast.

Vanquished Creatures
  A hornet (D:4)
  Sigmund (D:4)
  The ghost of Yosebu the Slasher, an amateur MfGl (D:4)
  An ogre (D:4)
  2 centaurs
  A scorpion (D:4)
  A howler monkey (D:4)
  A crimson imp (D:5)
  A centaur skeleton (D:4)
  An orc priest (D:3)
  A bullfrog skeleton (D:4)
  An iguana (D:4)
  2 worker ants (D:4)
  A hound skeleton (D:4)
  9 adders
  A shadow imp (D:5)
  An adder skeleton (D:3)
  2 worms (D:2)
  4 dart slugs
  A leopard gecko (D:2)
  7 orcs
  13 bats
  6 giant cockroaches
  4 goblins
  6 hobgoblins
  7 jackals (D:1)
  7 kobolds
  4 quokkas
  A ball python (D:4)
  6 frilled lizards
  12 rats
107 creatures vanquished.

Vanquished Creatures (others)
  A spectral weapon (D:4)
1 creature vanquished.

Grand Total: 108 creatures vanquished

Notes
Turn   | Place    | Note
-------+----------+-------------------------------------------
     0 | D:1      | RedPan the Gnoll Skald began the quest for the Orb.
     0 | D:1      | Reached XP level 1. HP: 20/20 MP: 6/6
    44 | D:1      | Reached XP level 2. HP: 16/26 MP: 7/7
   226 | D:1      | Found a glowing golden altar of the Shining One.
   363 | D:1      | Reached XP level 3. HP: 29/31 MP: 9/9
   412 | D:1      | Reached skill level 5 in Spellcasting
   788 | D:2      | Reached skill level 1 in Invocations
   872 | D:2      | Reached skill level 1 in Short Blades
   872 | D:2      | Reached skill level 1 in Axes
   872 | D:2      | Reached skill level 1 in Maces & Flails
   872 | D:2      | Reached skill level 1 in Polearms
   872 | D:2      | Reached skill level 1 in Staves
   872 | D:2      | Reached skill level 1 in Slings
   872 | D:2      | Reached skill level 1 in Bows
   872 | D:2      | Reached skill level 1 in Crossbows
   872 | D:2      | Reached skill level 1 in Throwing
   872 | D:2      | Reached skill level 1 in Stealth
   872 | D:2      | Reached skill level 1 in Shields
   872 | D:2      | Reached skill level 1 in Unarmed Combat
   872 | D:2      | Reached skill level 1 in Evocations
   872 | D:2      | Reached XP level 4. HP: 34/38 MP: 6/11
   878 | D:2      | Learned a level 2 spell: Shroud of Golubria
   882 | D:2      | Learned a level 3 spell: Regeneration
   886 | D:2      | Learned a level 3 spell: Spectral Weapon
  1398 | D:2      | Reached skill level 1 in Conjurations
  1398 | D:2      | Reached skill level 1 in Hexes
  1398 | D:2      | Reached skill level 1 in Summonings
  1398 | D:2      | Reached skill level 1 in Necromancy
  1398 | D:2      | Reached skill level 1 in Translocations
  1398 | D:2      | Reached skill level 1 in Transmutations
  1398 | D:2      | Reached skill level 1 in Fire Magic
  1398 | D:2      | Reached skill level 1 in Ice Magic
  1398 | D:2      | Reached skill level 1 in Air Magic
  1398 | D:2      | Reached skill level 1 in Earth Magic
  1398 | D:2      | Reached skill level 1 in Poison Magic
  1535 | D:2      | Noticed a centaur
  1545 | D:2      | Killed a centaur
  1545 | D:2      | Reached XP level 5. HP: 29/43 MP: 4/12
  2170 | D:3      | Reached XP level 6. HP: 16/50 MP: 10/13
  2523 | D:3      | Found a sparkling altar of Nemelex Xobeh.
  2781 | D:4      | Reached skill level 5 in Fighting
  2781 | D:4      | Reached skill level 5 in Long Blades
  2781 | D:4      | Reached skill level 5 in Dodging
  2795 | D:4      | Found Qeg Vyf's Antique Armour Shoppe.
  2902 | D:4      | Noticed Sigmund
  2909 | D:4      | Killed Sigmund
  2909 | D:4      | Reached XP level 7. HP: 42/56 MP: 15/15
  3103 | D:4      | Noticed Yosebu's ghost (amateur MfGl)
  3114 | D:4      | Killed Yosebu's ghost
  3195 | D:4      | Noticed a hornet
  3200 | D:4      | Killed a hornet
  3200 | D:4      | Reached XP level 8. HP: 21/63 MP: 16/16
  3764 | D:5      | Entered Level 5 of the Dungeon
  3909 | D:5      | Slain by a sky beast

Vault maps used:
D:1:      dpeg_arrival_tiny_j, tso_metal_star
D:2:      first_ration
D:3:      nemelex_spade_bored_becter
D:4:      serial_shops, shop, uniq_sigmund
D:5:      basic_altar

Skill      XL: |  1  2  3  4  5  6  7  8 |
---------------+-------------------------+-----
Spellcasting   | 5 6 |  6.0
Invocations    | 1 2 3 |  3.5
Short Blades   | 1 2 3 |  3.2
Axes           | 1 2 3 |  3.2
Maces & Flails | 1 2 3 |  3.2
Polearms       | 1 2 3 |  3.2
Staves         | 1 2 3 |  3.2
Slings         | 1 2 3 |  3.2
Bows           | 1 2 3 |  3.2
Crossbows      | 1 2 3 |  3.2
Throwing       | 1 2 3 |  3.2
Stealth        | 1 2 3 |  3.2
Shields        | 1 2 3 |  3.2
Unarmed Combat | 1 2 3 |  3.2
Evocations     | 1 2 3 |  3.2
Conjurations   | 1 2 |  2.6
Hexes          | 1 2 |  2.6
Summonings     | 1 2 |  2.6
Necromancy     | 1 2 |  2.6
Translocations | 1 2 |  2.6
Transmutations | 1 2 |  2.6
Fire Magic     | 1 2 |  2.6
Ice Magic      | 1 2 |  2.6
Air Magic      | 1 2 |  2.6
Earth Magic    | 1 2 |  2.6
Poison Magic   | 1 2 |  2.6
Armour         | 3 4 |  4.2
Fighting       | 5 |  5.6
Long Blades    | 5 |  5.6
Dodging        | 5 |  5.6
Charms         | 6 |  6.1

Action                   |  1- 3 |  4- 6 |  7- 9 || total
-------------------------+-------+-------+-------++-------
Melee: Falchion          |    79 |    87 |       ||   166
       Bite              |    14 |    21 |    11 ||    46
       Punch             |     1 |       |       ||     1
       Great sword       |       |    37 |    60 ||    97
 Cast: Infusion          |     6 |     4 |     1 ||    11
       Shroud of Golubri |       |     2 |     3 ||     5
       Spectral Weapon   |       |     6 |     7 ||    13
Evoke: Wand              |       |       |     1 ||     1
  Use: Scroll            |       |    12 |     1 ||    13
       Potion            |       |     1 |     3 ||     4
 Stab: Sleeping          |     1 |     5 |     3 ||     9
  Eat: Chunk             |       |     3 |     3 ||     6
       Ration            |       |     1 |       ||     1
Armor: Leather armour    |    28 |    36 |    20 ||    84
Dodge: Dodged            |    77 |   114 |    45 ||   236
       Rpst.: Falchion   |    25 |    19 |       ||    44
       Great sword       |       |    13 |    14 ||    27

Table legend:
 A = Spawn XP
 B = Non-spawn XP
 C = Spawn XP percentage of total XP
 D = Spawn monster count
 E = Non-spawn monster count
 F = Spawn count percentage of total count
 G = Total turns spent on level
                    A         B        C        D         E        F      G
               +---------+---------+-------+---------+---------+-------+---------
         Total |       0 |    1748 |   0.0 |       0 |     107 |   0.0 |  3909
               +---------+---------+-------+---------+---------+-------+---------
           D:1 |       0 |      53 |   0.0 |       0 |      28 |   0.0 |   729
           D:2 |       0 |     210 |   0.0 |       0 |      34 |   0.0 |  1359
           D:3 |       0 |      86 |   0.0 |       0 |      18 |   0.0 |   643
           D:4 |       0 |    1325 |   0.0 |       0 |      22 |   0.0 |  1033
           D:5 |       0 |      74 |   0.0 |       0 |       5 |   0.0 |   145
               +---------+---------+-------+---------+---------+-------+---------
